 Dungeon Crawl Stone Soup version 0.29.0-4-gdea44cf6ec (webtiles) character file.

Game seed: 12266948912089247727

0 qw the Sneak (level 1, -1/14 HPs)
             Began as a Gargoyle Delver on Sept 10, 2022.
             Slain by a river rat (6 damage)
             ... on level 5 of the Dungeon.
             The game lasted 00:00:02 (41 turns).

qw the Sneak (Gargoyle Delver)                        Turns: 41, Time: 00:00:02

Health: -1/14      AC:  5    Str: 15    XL:     1   Next: 10%
Magic:  1/1        EV: 11    Int: 10    God:
Gold:   0          SH:  0    Dex: 11    Spells: 0/0 levels left

rFire   . . .      SeeInvis .   h - +1 war axe (flame)
rCold   . . .      Faith    .   (no shield)
rNeg    + . .      Spirit   .   b - +0 leather armour
rPois   inf        Reflect  .   (no helmet)
rElec   +          Harm     .   (no cloak)
rCorr   .          Rampage  .   (no gloves)
Will    .....                   (no boots)
Stlth   +++.......              (no amulet)
HPRegen 0.04/turn               (no ring)
MPRegen 0.07/turn               (no ring)

@: no status effects
A: sickness immunity, AC +2, negative energy resistance 1, electricity
resistance, torment resistance 1, petrification resistance
a: no special abilities


You were on level 5 of the Dungeon.
You visited 1 branch of the dungeon, and saw 1 of its levels.


Innate Abilities, Weirdness & Mutations

You are immune to sickness and miasma.
Your stone body is resilient. (AC +2)
You are immune to poison.
You resist negative energy. (rN+)
You are resistant to electric shocks. (rElec)
You are resistant to unholy torment.
You are immune to petrification.


   Skills:
 - Level 3.2 Fighting
 + Level 1.8 Axes
 - Level 1.5 Dodging
 - Level 5.4 Stealth


You couldn't memorise any spells.
You didn't know any spells.
Your spell library was empty.

Inventory:

Hand Weapons
 h - a +1 war axe of flaming (weapon)
Armour
 a - a +0 scale mail
 b - a +0 leather armour (worn)
Wands
 g - a wand of digging (3)
Scrolls
 c - a scroll of fog
 d - a scroll of magic mapping
 e - a scroll of fear
Potions
 f - a potion of haste
 i - a potion of resistance {unknown}

Dungeon Overview and Level Annotations

Branches:
Dungeon (5/15)
 Temple: D:4-7

Altars:

Portals:
Sewer: D:5


Message History

a - a +0 scale mail
i - a cyan potion
Found a glowing drain.
A bat and a ball python come into view.
The ball python hisses angrily.
The bat hits you but does no damage. The bat closely misses you.
A river rat comes into view.
You slash the ball python! You burn the ball python.
You kill the ball python!
The bat closely misses you. The bat hits you but does no damage.
You closely miss the bat. The bat hits you but does no damage.
The bat closely misses you.
You completely miss the bat. The bat hits you but does no damage.
The bat barely misses you.
You hit the bat. You burn the bat. Your punch misses the bat.
The bat is severely wounded.
The bat barely misses you. x3; The river rat misses you.
You closely miss the bat.
The bat is severely wounded.
You closely miss the river rat. The bat hits you but does no damage.
The river rat bites you. The bat hits you but does no damage.
You barely miss the bat.
The bat is severely wounded.
You closely miss the river rat. The bat hits you but does no damage.
The river rat bites you but does no damage.
The bat hits you but does no damage. The river rat closely misses you.
You miss the bat.
The bat is severely wounded.
You barely miss the river rat. The bat closely misses you.
The bat hits you but does no damage. x2
The river rat bites you.
You hit the bat. You burn the bat.
You kill the bat!
You hit the river rat. You burn the river rat. The river rat bites you.
You die...

>...###.# ###
...##^# #..
########.##.###)#
#...........#...#
#...........>....
#........:..#####
#.####......#
##.# ######.#
#@.# #.# #r## #..
...~ ..## #~~.~~
.## #~~.~~#
~.....~ ~~.....~~
.~~..\..~..


You could see a river rat.

Vanquished Creatures
  A ball python (D:5)
  A bat (D:5)
2 creatures vanquished.

Notes
Turn   | Place    | Note
-------+----------+-------------------------------------------
     0 | D:5      | qw the Gargoyle Delver began the quest for the Orb.
     0 | D:5      | Reached XP level 1. HP: 14/14 MP: 1/1
     0 | D:5      | 0 ||| qw: Version: 0.1-a-116-g5d60599
     0 | D:5      | 0 ||| qw: Game counter: 9110
     0 | D:5      | 0 ||| qw: Always use a shield: true
     0 | D:5      | 0 ||| qw: God list: Okawaru
     0 | D:5      | 0 ||| qw: Allow faded altars: false
     0 | D:5      | 0 ||| qw: Do Orc after D:15 true
     0 | D:5      | 0 ||| qw: Do second Lair branch before Depths: true
     0 | D:5      | 0 ||| qw: Lair rune preference: random
     0 | D:5      | 0 ||| qw: Plans: Normal
     0 | D:5      | 0 ||| PLANNING D:1-11
     5 | D:5      | 5 ||| SWAPPING to +1 war axe of flaming.
     6 | D:5      | 6 ||| DROPPING +0 hand axe.
    10 | D:5      | 10 ||| Stepping ~*~*~tactically~*~*~ (stealth).
    28 | D:5      | Found a glowing drain.
    41 | D:5      | Slain by a river rat

Levels and vault maps discovered:
D:5:      layout_basic, kennysheep_mini, cheibrodos_sewer_entry_sluice

Action                   || total
-------------------------++-------
Melee: War axe           ||     8
Armor: Leather armour    ||    11
Dodge: Dodged            ||    10

Table legend:
 A = Non-vault XP
 B = Vault XP
 C = Vault XP percentage of total XP
 D = Non-vault monster count
 E = Vault monster count
 F = Vault count percentage of total count
                 A         B        C        D         E       F
            +---------+---------+-------+---------+---------+-------
      Total |       0 |       2 | 100.0 |       0 |       2 | 100.0
            +---------+---------+-------+---------+---------+-------
        D:5 |       0 |       2 | 100.0 |       0 |       2 | 100.0
            +---------+---------+-------+---------+---------+-------
